 Dungeon Crawl Stone Soup version 0.31.0-12-g77e489cdc1 (webtiles) character file.

Game seed: 7084460542177245826

2 Fodor the Trooper (level 1, 0/20 HPs)
             Began as a Minotaur Fighter on Feb 27, 2024.
             Slain by a gnoll
             ... wielding a +0 whip
              (3 damage)
             ... on level 1 of the Dungeon.
             The game lasted 00:00:42 (111 turns).

Fodor the Trooper (Minotaur Fighter)                 Turns: 111, Time: 00:00:43

Health: 0/20       AC:  7    Str: 20    XL:     1   Next: 33%
Magic:  0/0        EV:  9    Int:  5    God:
Gold:   16         SH:  4    Dex:  9    Spells: 0/0 levels left

rFire   . . .        a - +0 war axe
rCold   . . .        c - +0 buckler
rNeg    + . .        b - +0 scale mail
rPois   .            (helmet restricted)
rElec   .            (no cloak)
rCorr   .            (no gloves)
SInv    .            (no boots)
Will    .....        (no amulet) Stlth
                     g - ring of positive energy
HPRegen 0.23/turn    (no ring)
MPRegen 0.07/turn

%: no passive effects
@: no status effects
A: horns 2, retaliatory headbutt
a: no special abilities


You were on level 1 of the Dungeon.
You visited 1 branch of the dungeon, and saw 1 of its levels.

You collected 16 gold pieces.

Inventory:

Hand Weapons
 a - a +0 war axe (weapon)
Armour
 b - a +0 scale mail (worn)
 c - a +0 buckler (worn)
Jewellery
 g - a ring of positive energy (left hand)
Scrolls
 e - a scroll of teleportation {unknown}
 f - 2 scrolls of identify {unknown}
Potions
 d - a potion of might


   Skills:
 + Level 3.7 Fighting
 + Level 2.4 Axes
 + Level 3.7 Armour
 + Level 3.7 Shields


You couldn't memorise any spells.
You didn't know any spells.
Your spell library was empty.

Dungeon Overview and Level Annotations

Branches:
Dungeon (1/15)

Altars:


Innate Abilities, Weirdness & Mutations

You have a pair of horns on your head.
You reflexively headbutt those who attack you in melee.


Message History

You see here 12 gold pieces.
The goblin hits you but does no damage.
You see here a +0 helmet.
The goblin hits you with a +0 dagger. The goblin hits you but does no damage.
You see here a +0 helmet.
You barely miss the goblin. Your headbutt misses the goblin.
The goblin completely misses you.
You hit the goblin but do no damage. The goblin hits you but does no damage.
The goblin closely misses you.
You closely miss the goblin. Your headbutt misses the goblin.
The goblin hits you but does no damage.
You closely miss the goblin. The goblin hits you but does no damage.
You miss the goblin. The goblin hits you but does no damage.
The goblin hits you with a +0 dagger.
You miss the goblin. The goblin completely misses you.
You closely miss the goblin. The goblin barely misses you.
You slash the goblin!
You kill the goblin!
Things that are here:
a +0 dagger; a goblin corpse
Things that are here:
a +0 dagger; a goblin corpse You see here a +0 helmet.
You now have 16 gold pieces (gained 12).
You see here a +0 helmet.
A gnoll comes into view. It is wielding a +0 whip.
The gnoll shouts!
The gnoll hits you with a +0 whip.
You barely miss the gnoll. The gnoll hits you with a +0 whip.
You slash the gnoll! Your headbutt misses the gnoll.
The gnoll is almost dead.
The gnoll hits you with a +0 whip.
* * * LOW HITPOINT WARNING * * *
The gnoll hits you with a +0 whip.
* * * LOW HITPOINT WARNING * * *
You barely miss the gnoll.
The gnoll is almost dead.
The gnoll hits you with a +0 whip.
You die...

#..#...#.##.#..#
#.####..##.##.##.# .#
#.......^......#.#..##
#######).####..........
........[.......###.###
#######.#######.###.###
#.# #........
#.###########.###
#........@g...#
###############


You could see a gnoll.

Vanquished Creatures
  A bat (D:1)
  A goblin (D:1)
2 creatures vanquished.

Notes
Turn   | Place    | Note
-------+----------+-------------------------------------------
     0 | D:1      | Fodor the Minotaur Fighter began the quest for the Orb.
     0 | D:1      | Reached XP level 1. HP: 19/19 MP: 0/0
   111 | D:1      | Slain by a gnoll

Illustrated notes

Levels and vault maps discovered:
D:1:      minmay_arrival_cross, layout_loops_ring,
          shapermc_ecumenical_altar_flowoftime, hangedman_decor_points,
          minmay_vboxes

Action                     || total
---------------------------++-------
  Melee: War axe           ||    17
 Armour: Scale mail        ||    23
  Dodge: Dodged            ||    12
  Block: Buckler           ||     6
